 Dungeon Crawl Stone Soup version 0.23.0-2-g0fe3ce5 (webtiles) character file.

Game seed: 14992258578636768635

4341 HEYYEYAAE the Quickloader (level 10, -1/73 HPs)
             Began as an Octopode Hunter on Feb 19, 2019.
             Was a Believer of Okawaru.
             Slain by an ice beast (4 damage)
             ... on level 9 of the Dungeon.
             The game lasted 00:10:52 (9879 turns).

HEYYEYAAE the Quickloader (Octopode Hunter)         Turns: 9879, Time: 00:10:53

Health: -1/73      AC:  1    Str: 11    XL:     10   Next: 33%
Magic:  9/10       EV: 24    Int: 14    God:    Okawaru [**....]
Gold:   299        SH:  5    Dex: 16    Spells: 9/9 levels left

rFire    . . .     SeeInvis .   a - +2 hand crossbow
rCold    . . .     Gourm    .   (no shield)
rNeg     + . .     Faith    .   (helmet restricted)
rPois    .         Spirit   .   x - +5 amulet of reflection
rElec    .         Reflect  +   g - ring of positive energy
rCorr    .         Harm     .   (no ring)
MR       .....                  (no ring)
Stlth    ++++......             (no ring)
HPRegen  0.22/turn              (no ring)
MPRegen  0.12/turn              (no ring)
                                (no ring)
                                (no ring)

@: heroism
A: almost no armour, stealthy swim, amphibious, 8 rings, constrict 8, camouflage
1, gelatinous body 1
a: Heroism, Renounce Religion


You were on level 9 of the Dungeon.
You worshipped Okawaru.
Okawaru was pleased with you.
You were not hungry.

You visited 2 branches of the dungeon, and saw 10 of its levels.

You collected 469 gold pieces.
You spent 170 gold pieces at shops.

Inventory:

Hand Weapons
 a - a +2 hand crossbow (weapon)
 b - a +2 hand axe of venom
 f - a +2 flail of draining
 n - a +0 short sword
Missiles
 c - 32 bolts (quivered)
Jewellery
 g - a ring of positive energy (left tentacle)
 x - a +5 amulet of reflection (around mantle)
 y - an uncursed ring of fire
Wands
 m - a wand of flame (11)
 v - a wand of digging (3)
 w - a wand of random effects (2)
Scrolls
 e - a scroll of noise
 j - 6 scrolls of remove curse
 o - a scroll of amnesia
 q - a scroll of teleportation
 s - a scroll of enchant armour
 z - a scroll of fog
Potions
 h - 2 potions of degeneration
 k - a potion of mutation
 u - 3 potions of magic
Comestibles
 d - 18 rations


   Skills:
 + Level 8.8(13.8) Fighting
 + Level 9.5(14.5) Crossbows
 + Level 8.8(13.8) Dodging
 - Level 1.3(6.3) Stealth


You had 9 spell levels left.
You didn't know any spells.
Your spell library contained the following spells:

 Spells                   Type           Power        Failure   Level  Hunger
 Magic Dart               Conj           #...         28%         1    ##.....
 Blink                    Tloc           N/A          41%         2    ###....
 Call Imp                 Summ           #.......     41%         2    ###....
 Slow                     Hex            #.......     41%         2    ###....
 Conjure Flame            Conj/Fire      #.......     65%         3    ####...
 Mephitic Cloud           Conj/Pois/Air  #.......     65%         3    ####...
 Poison Arrow             Conj/Pois      #.........   100%        6    #######
 Chain Lightning          Conj/Air       #.........   100%        8    #######
 Lehudib's Crystal Spear  Conj/Erth      #.........   100%        8    #######
 Fire Storm               Conj/Fire      #.........   100%        9    #######
 Glaciate                 Conj/Ice       #.........   100%        9    #######


Dungeon Overview and Level Annotations

Branches:
Dungeon (9/15)             Temple (1/1) D:7            Lair (0/6) D:8
    Orc: D:9-12

Altars:
Ashenzari
Cheibriados
Dithmenos
Elyvilon
Gozag
Hepliaklqana
Kikubaaqudgha
Nemelex Xobeh
Okawaru
Qazlal
Ru
Sif Muna
Trog
Uskayaw
Vehumet
Wu Jian
Xom
Yredelemnul
Zin
The Shining One

Shops:
D:4 !   D:5 *   D:8 :


Innate Abilities, Weirdness & Mutations

You cannot wear most types of armour.
You are very stealthy in the water. (Stealth+)
You are amphibious.
You can wear up to eight rings at the same time.
You can use your tentacles to constrict eight enemies at once.
Your skin changes colour to match your surroundings (Stealth+).
Your rubbery body absorbs attacks. (AC +1, EV +1)


Message History

* * * LOW HITPOINT WARNING * * *
Firing (i - inventory)
c - 34 bolts (quivered)
Press: ? - help, Shift-Dir - straight line, f/p - orc priest
Aim: an orc priest, wielding a +0 short sword (lightly wounded)
You shoot a bolt. The bolt hits the orc priest!
The orc priest is almost dead.
The orc priest closely misses you.
Firing (i - inventory)
c - 33 bolts (quivered)
Press: ? - help, Shift-Dir - straight line, f/p - orc priest
Aim: an orc priest, wielding a +0 short sword (almost dead)
Okay, then.
The orc priest looks braver for a moment.
Firing (i - inventory)
c - 33 bolts (quivered)
Press: ? - help, Shift-Dir - straight line, f/p - orc priest
Aim: an orc priest, wielding a +0 short sword (almost dead)
You shoot a bolt. The bolt hits the ice beast!
The ice beast is moderately wounded.
The orc priest casts a cantrip, but nothing happens.
The ice beast hits you.
You die...

#.........#
#.........#
..........#
..........#
...........#
######....#
#.........#
#.........#
#......@..#
.........#.....Y...#
......Y..#...(.o...#
.........#...)(....#
.........#..(.######
.........#.(.......#
.........#.........#
............$......#
...................#


You could see an ice beast and an orc priest.

Vanquished Creatures
  Maurice (D:8)
  4 hogs (D:7)
  A human (D:7)
  3 sky beasts
  3 orc warriors
  A necrophage (D:7)
  An ice beast (D:7)
  A centaur (D:5)
  4 ogres
  A big kobold (D:8)
  9 bullfrogs
  A gnoll sergeant (D:8)
  3 scorpions
  3 howler monkeys
  A crimson imp (D:3)
  2 bullfrog zombies (D:5)
  A centaur zombie (D:6)
  3 orc priests
  4 hounds
  5 orc wizards
  Crazy Yiuf (D:7)
  2 bullfrog skeletons (D:4)
  3 centaur skeletons
  Ijyb (D:5)
  2 iguanas
  8 worker ants
  A hound skeleton (D:7)
  A howler monkey zombie (D:6)
  A howler monkey skeleton (D:7)
  5 gnolls (D:8)
  A river rat (D:8)
  12 adders
  3 adder skeletons
  2 worms
  4 dart slugs
  5 leopard geckos
  18 orcs
  4 giant cockroaches
  12 goblins
  8 hobgoblins
  10 jackals
  13 kobolds
  4 quokkas
  A ball python (D:3)
  8 bats
  6 frilled lizards
  2 leopard gecko skeletons (D:4)
  13 rats
203 creatures vanquished.

Notes
Turn   | Place    | Note
-------+----------+-------------------------------------------
     0 | D:1      | HEYYEYAAE the Octopode Hunter began the quest for the Orb.
     0 | D:1      | Reached XP level 1. HP: 14/14 MP: 1/1
   131 | D:1      | Reached XP level 2. HP: 14/19 MP: 2/2
   600 | D:1      | Reached XP level 3. HP: 23/25 MP: 3/3
  1045 | D:2      | Found a radiant altar of Vehumet.
  1363 | D:2      | Reached XP level 4. HP: 28/30 MP: 4/4
  2079 | D:3      | Found a shattered altar of Ashenzari.
  2397 | D:3      | Reached XP level 5. HP: 15/36 MP: 5/5
  2832 | D:3      | Reached skill level 5 in Crossbows
  3023 | D:3      | HP: 1/36 [orc/+2 hand axe of venom (3)]
  3321 | D:4      | Reached XP level 6. HP: 27/43 MP: 6/6
  3498 | D:4      | Found Oqestelu's Distillery.
  3501 | D:4      | Bought 2 potions of heal wounds for 130 gold pieces
  3522 | D:4      | Found a snail-covered altar of Cheibriados.
  4121 | D:4      | Reached XP level 7. HP: 36/49 MP: 7/7
  4241 | D:5      | Entered Level 5 of the Dungeon
  4742 | D:5      | Reached skill level 6 in Crossbows
  4744 | D:5      | Noticed Ijyb
  4746 | D:5      | Reached skill level 5 in Dodging
  4752 | D:5      | Killed Ijyb
  4752 | D:5      | Reached skill level 5 in Fighting
  5072 | D:5      | Found Garug's Assorted Antiques.
  5078 | D:5      | Reached XP level 8. HP: 34/55 MP: 8/8
  5261 | D:5      | Bought a scroll of identify for 40 gold pieces
  6078 | D:6      | Reached skill level 7 in Crossbows
  6782 | D:7      | Found a runed translucent door.
  6783 | D:7      | Noticed Crazy Yiuf
  6834 | D:7      | Reached XP level 9. HP: 47/63 MP: 9/9
  7141 | D:7      | Reached skill level 8 in Crossbows
  7351 | D:7      | Found a staircase to the Ecumenical Temple.
  7394 | Temple   | Entered the Ecumenical Temple
  7570 | Temple   | Became a worshipper of Warmaster Okawaru
  7939 | D:7      | Reached * piety under Okawaru
  8448 | D:7      | Killed Crazy Yiuf
  8481 | D:8      | Found Ciosoyva's Book Shoppe.
  8486 | D:8      | Reached skill level 9 in Crossbows
  8486 | D:8      | Reached XP level 10. HP: 70/72 MP: 10/10
  8602 | D:8      | Reached ** piety under Okawaru
  8692 | D:8      | Noticed a death yak
  8695 | D:8      | Found a staircase to the Lair.
  8695 | D:8      | Noticed a death yak
  8695 | D:8      | Noticed a death yak
  8980 | D:8      | Noticed Maurice
  8993 | D:8      | Killed Maurice
  9875 | D:9      | HP: 3/73 [orc priest/divine providence (11)]
  9879 | D:9      | Slain by an ice beast

Skill      XL: |  1  2  3  4  5  6  7  8  9 |
---------------+----------------------------+-----
Dodging        | 3 4 5 6 8 |  8.8
Fighting       | 3 4 5 6 8 |  8.8
Crossbows      | 5 6 7 9 |  9.5
Stealth        | |  1.3

Action                   |  1- 3 |  4- 6 |  7- 9 | 10-12 || total
-------------------------+-------+-------+-------+-------++-------
Melee: Short sword       |     5 |    72 |       |       ||    77
       Constrict         |     2 |    34 |    49 |    13 ||    98
       Tentacles         |     1 |    14 |    53 |    18 ||    86
       Hand axe          |       |    41 |   223 |    70 ||   334
 Fire: Hand crossbow     |    95 |       |       |    19 ||   114
Invok: Heroism           |       |       |       |     1 ||     1
Evoke: Wand              |       |       |       |     9 ||     9
  Use: Scroll            |       |     5 |     8 |     3 ||    16
       Potion            |       |     3 |     5 |     4 ||    12
 Stab: Sleeping          |     1 |     8 |    18 |     1 ||    28
  Eat: Chunk             |     1 |     6 |    12 |     4 ||    23
       Ration            |       |     1 |       |     1 ||     2
Armor: Skin              |     1 |     7 |    44 |    15 ||    67
Dodge: Dodged            |    25 |    72 |   146 |    73 ||   316
Block: Other             |       |       |    59 |    17 ||    76
